 Dungeon Crawl Stone Soup version 0.17-a0-1046-ga09e34d (webtiles) character file.

10374 RobertPalmer the Carver (level 11, -2/83 HPs)
             Began as a Naga Chaos Knight on May 15, 2015.
             Slain by a ghoul (20 damage)
             ... on level 13 of the Dungeon.
             The game lasted 00:52:47 (13686 turns).

RobertPalmer the Carver (Naga Chaos Knight)        Turns: 13686, Time: 00:52:47

Health: -2/83      AC: 25    Str: 14    XL:     11   Next: 61%
Magic:  20/20      EV: 10    Int: 15    God:    Xom [.....*]
Gold:   604        SH:  5    Dex: 14    Spells: 0 memorised, 10 levels left

rFire  . . .     SeeInvis +     a - +4 long sword (elec)
rCold  + . .     Clarity  .     N - +3 ring mail
rNeg   . . .     SustAb   .     y - +0 buckler
rPois  +         Gourm    .     w - +2 hat
rElec  .         Spirit   .     e - +2 cloak
rCorr  .         Warding  .     n - +2 pair of gloves
rMut   .         Stasis   .     J - +0 naga barding "Kiuzeb" {rC+ MP+9 Dex+4}
MR     +....                    D - amulet of regeneration {+regen, !d}
Stlth  +.........               (no ring)
                                t - ring of wizardry {Wiz+, !d}

@: lethally poisoned (-2 -> -2), about to teleport, very slow, somewhat
resistant to hostile enchantments, very unstealthy
A: stinger 1, icy blue scales 1, rugged brown scales 1, see invisible, deformed
body, dopey 1, frail 1, mutation resistance 1, poison resistance, slowness 2,
slow metabolism 1, spit poison 2, wild magic 1, AC +3
a: Spit Poison, Renounce Religion


You were on level 13 of the Dungeon.
You worshipped Xom.
You were Xom's teddy bear.
You were hungry.

You visited 1 branch of the dungeon, and saw 13 of its levels.

You collected 604 gold pieces.

Inventory:

Hand weapons
 a - a +4 long sword of electrocution (weapon)
   (You took it off a wight on level 8 of the Dungeon)
 b - a +0 blowgun
   (You took it off a kobold on level 7 of the Dungeon)
Missiles
 E - 19 poisoned needles
Armour
 e - a +2 cloak (worn)
   (You found it on level 1 of the Dungeon)
 n - a +2 pair of gloves (worn)
   (You found it on level 2 of the Dungeon)
 w - a +2 hat (worn)
   (You found it on level 4 of the Dungeon)
 y - a +0 buckler (worn)
   (You found it on level 5 of the Dungeon)
 J - the +0 naga barding "Kiuzeb" (worn) {rC+ MP+9 Dex+4}
   (You acquired it on level 11 of the Dungeon)

   It affects your dexterity (+4).
   It protects you from cold.
   It affects your magic capacity (+9).
 N - a +3 ring mail (worn)
   (You found it on level 11 of the Dungeon)
 P - the +3 leather armour of the King of the Hill {rF+ rN+ Str+7 Dex-2, unknown}
   (You found it on level 12 of the Dungeon)

   It affects your strength (+7).
   It affects your dexterity (-2).
   It protects you from fire.
   It protects you from negative energy.
Rods
 m - a +1 rod of shadows (14/14)
   (You found it on level 7 of the Dungeon)
Jewellery
 j - an uncursed ring of stealth {unknown}
   (You found it on level 12 of the Dungeon)
 t - a ring of wizardry (left hand) {Wiz+, !d}
   (You found it on level 6 of the Dungeon)
 D - an amulet of regeneration (around neck) {+regen, !d}
   (You found it on level 6 of the Dungeon)
Magical devices
 o - a wand of slowing (36)
   (You found it on level 8 of the Dungeon)
 p - a wand of hasting (1)
   (You found it on level 6 of the Dungeon)
 v - a wand of random effects (17)
   (You found it on level 11 of the Dungeon)
 x - a wand of polymorph (10)
   (You found it on level 8 of the Dungeon)
 G - a wand of frost (24)
   (You found it on level 10 of the Dungeon)
 M - a wand of disintegration (12)
   (You found it on level 12 of the Dungeon)
 O - a wand of teleportation (6)
   (You found it on level 12 of the Dungeon)
Scrolls
 i - a scroll of enchant armour
 r - a scroll of fog
 s - 5 scrolls of remove curse
 B - a scroll of teleportation
 I - 2 scrolls of identify
 R - a scroll of magic mapping {!r}
Potions
 f - 4 potions of flight
 k - a potion of might
 l - 6 potions of curing {unknown}
 q - 2 potions of brilliance
 z - 2 potions of agility
 C - 3 potions of berserk rage {unknown}
 F - a potion of haste
 H - a potion of resistance
 L - a potion of degeneration {unknown}
Books
 h - a Grand Grimoire {highlevel, unknown}
   (You found it on level 11 of the Dungeon)
 u - the Guide on Necromancy
   (You found it on level 8 of the Dungeon)

   Spells                             Type                      Level
   a - Sublimation of Blood           Necromancy                   2
   b - Regeneration                   Charms/Necromancy            3
   c - Cigotuvi's Embrace             Necromancy                   5
 A - a book of Control
   (You found it on level 5 of the Dungeon)
Comestibles
 c - 14 bread rations {@e1}
 d - 3 meat rations {@e2}
 g - 9 fruits
 K - a beef jerky


   Skills:
 - Level 3.0 Fighting
 - Level 13.0 Long Blades
 - Level 5.6 Armour
 + Level 8.1 Dodging
 - Level 3.2 Shields


You had 10 spell levels left.
You didn't know any spells.

Dungeon Overview and Level Annotations

Branches:
Dungeon (13/15)            Temple (0/1) D:7            Lair (0/8) D:11
    Orc (0/4) D:10
 Vaults: D:13-14

Altars:
Ashenzari
Cheibriados
Dithmenos
Elyvilon
Fedhas
Kikubaaqudgha
Nemelex Xobeh
Qazlal
Ru
Sif Muna
Vehumet
Zin
Beogh

Annotations:
D:8 1 runed door
D:9 Joseph
D:12 Josephine


Innate Abilities, Weirdness & Mutations

You cannot wear boots.
Your serpentine skin is tough (AC +3).
You have supernaturally acute eyesight.
Armour fits poorly on your strangely shaped body.
Your system is resistant to poisons.
You cover ground very slowly.
You have a slow metabolism.
You can spit poison.
Your tail ends in a poisonous barb.
You are partially covered in icy blue scales (AC +1).
You are partially covered in rugged brown scales (AC +1, +3% HP).
You are dopey. (Int -2)
You are frail (-10% HP).
You are somewhat resistant to further mutation.
Your spells are a little harder to cast, but a little more powerful.


Message History

The orc wizard looks rather confused.
You are now Xom's teddy bear.
The orc hits the orc with a club.
The mummy barely misses the ghoul.
You slash the orc!
There is a sudden explosion of sparks!
You kill the orc!
A giant frog zombie comes into view.
Xom momentarily opens a gate.
The giant frog zombie hits you but does no damage.
You slash the giant frog zombie! You tail-slap the giant frog zombie.
The orc seems less confused.
The orc closely misses your ufetubus.
Your ufetubus hits the orc. x2
Your ufetubus closely misses the giant frog zombie.
Your ufetubus barely misses the giant frog zombie.
Health restored: 83 You slash the giant frog zombie!
You destroy the giant frog zombie!
The mummy seems less confused.
The orc wizard seems less confused.
Your ufetubus completely misses the orc.
Your ufetubus misses the orc. The orc barely misses your ufetubus.
You swap places.
Your ufetubus hits the orc.
Your ufetubus barely misses the orc.
Your ufetubus hits the orc.
The orc dies!
You slash the mummy! You tail-slap the mummy.
The orc wizard casts a spell.
The orc wizard blinks!
You slash the mummy!
There is a sudden explosion of sparks!
You destroy the mummy!
The orc wizard gestures wildly while chanting.
The orc wizard blinks!
A ghoul comes into view.
The mummy hits you.
You take 3 damage, and have 80/83 hp.
You barely miss the mummy. Your ufetubus hits the mummy.
Your ufetubus hits the mummy. You hit the mummy.
Your ufetubus barely misses the mummy.
Your ufetubus hits the mummy. You block the mummy's attack.
You slice the mummy!!
You destroy the mummy!
The ghoul seems less confused.
The ghoul claws you! The ghoul claws you!!
Your rust devil hits the ghoul.
Your ufetubus hits the ghoul but does no damage.
Your ufetubus hits the ghoul.
You take 32 damage, and have 49/83 hp.
MASSIVE DAMAGE!!
You block the orc wizard's attack.
Your ufetubus hits the ghoul but does no damage.
Your ufetubus hits the ghoul. The ghoul claws your rust devil!
The ghoul barely misses your rust devil.
Your rust devil hits the ghoul!
The orc wizard hits you but does no damage.
Your ufetubus barely misses the ghoul.
Your ufetubus closely misses the ghoul.
The ghoul claws your rust devil but does no damage.
The ghoul claws your rust devil!!
Your rust devil dies!
Unknown command.
You hit the ghoul. The orc wizard closely misses you.
The ghoul claws you but does no damage. x2
Your ufetubus hits the ghoul but does no damage. x2
You slash the ghoul!
There is a sudden explosion of sparks!
Your tail-slap misses the ghoul.
The orc wizard casts a spell at you. The magic dart hits you!
Your ufetubus barely misses the ghoul.
Your ufetubus hits the ghoul but does no damage.
You block the ghoul's attack. The ghoul claws you but does no damage.
You hit the ghoul.
You tail-slap the ghoul, but do no damage.
The orc wizard hits you but does no damage.
You are poisoned.
Your ufetubus closely misses the ghoul.
Your ufetubus hits the ghoul but does no damage.
The ghoul claws you but does no damage. The ghoul claws you!!
The ghoul misses you. The ghoul claws you!
* * * LOW HITPOINT WARNING * * *
You take 33 damage, and have 18/83 hp.
MASSIVE DAMAGE!!
You feel sick.
The orc wizard hits your ufetubus but does no damage.
Your ufetubus is poisoned.
The orc wizard gestures at you while chanting.
The magic dart hits you! The ghoul closely misses your ufetubus.
The ghoul claws your ufetubus.
Your ufetubus hits the ghoul but does no damage.
Your ufetubus closely misses the ghoul.
Something claws your ufetubus!!
Your ufetubus dies!
You see here a club.
Unknown command.
Read which item? (? for menu, Esc to quit)
Okay, then.
Read which item? (? for menu, Esc to quit)
As you read the scroll of teleportation, it crumbles to dust.
You feel strangely unstable.
You feel sick. The orc wizard completely misses you.
Unknown command.
Unknown command.
You feel sick.
You hear Xom's avuncular chuckle.
Your ufetubus evaporates and reforms as a shadow imp!
You block the orc wizard's attack. The ghoul claws you!!
You die...
Xom laughs nastily!

.. .# %.#
#############..####
......†.).o@.......
#....)<..n........
#.######n#5#######
#...# ##......#
.......# ..........
..........#
####.......#


You could see 2 ghouls, an orc wizard and a friendly shadow imp.

Vanquished Creatures
  A hill giant (D:12)
  An ugly thing (D:12)
  A cyclops (D:12)
  A gargoyle (D:12)
  A two-headed ogre (D:8)
  A troll (D:12)
  A trapdoor spider (D:12)
  A human (D:8)
  A hungry ghost (D:11)
  2 hippogriffs
  A wyvern (D:8)
  A porcupine (D:8)
  6 orc warriors
  A mottled dragon (D:11)
  2 soldier ants (D:8)
  A water moccasin (D:9)
  4 sky beasts
  A phantom (D:9)
  An ice beast (D:8)
  A necrophage (D:9)
  3 centaurs
  2 ogres
  A crocodile (D:12)
  2 big kobolds
  5 giant frogs
  A gnoll sergeant (D:5)
  6 scorpions
  4 killer bees
  12 wights
  4 jellies
  3 quasits
  3 electric eels (D:8)
  2 centaur zombies
  9 crimson imps
  15 orc priests
  2 giant frog zombies
  7 hounds
  14 orc wizards
  2 giant frog skeletons
  3 iguanas
  Jessica (D:2)
  12 worker ants
  Terence (D:2)
  2 mummies (D:13)
  2 worker ant zombies
  Robin (D:2)
  4 gnolls
  11 adders
  A river rat (D:2)
  2 shadow imps
  2 oozes
  2 adder skeletons
  4 worms
  72 orcs
  A ball python (D:2)
  3 bat skeletons
  A bat zombie (D:7)
  21 goblins
  20 hobgoblins
  28 kobolds
  5 quokkas
  21 bats
  11 giant cockroaches
  6 giant geckos
  15 giant newts
  19 jackals
  18 rats
416 creatures vanquished.

Vanquished Creatures (collateral kills)
  A hill giant (D:8)
  A two-headed ogre (D:8)
  An orc warrior (D:8)
  A black bear (D:8)
  A big kobold (D:7)
  An orc wizard (D:7)
  2 orc priests
  A hound (D:11)
  3 orcs
  A giant newt (D:7)
  A kobold (D:7)
14 creatures vanquished.

Vanquished Creatures (others)
  A rust devil (D:13)
  A spriggan (D:7)
  A human (D:2)
  A quasit (D:6)
  2 ufetubi
  2 orcs
  A giant cockroach zombie (D:8)
  2 butterflies (D:8)
  A plant (D:8)
12 creatures vanquished.

Grand Total: 442 creatures vanquished

Notes
Turn   | Place    | Note
--------------------------------------------------------------
     0 | D:1      | RobertPalmer the Naga Chaos Knight began the quest for the Orb.
     0 | D:1      | Reached XP level 1. HP: 21/21 MP: 1/1
    79 | D:1      | Reached XP level 2. HP: 16/28 MP: 2/2
   214 | D:1      | XOM: divination: detect items
   261 | D:1      | XOM: swap monsters
   311 | D:1      | XOM: mild Ice miscast
   469 | D:1      | Reached skill level 4 in Long Blades
   520 | D:1      | Reached XP level 3. HP: 34/34 MP: 3/3
   584 | D:1      | XOM: harmless Ice miscast
  1337 | D:2      | XOM: noise
  1347 | D:2      | Reached XP level 4. HP: 29/42 MP: 4/4
  1363 | D:2      | XOM: mild Erth miscast
  1448 | D:2      | Found a snail-covered altar of Cheibriados.
  1503 | D:2      | Noticed Jessica
  1508 | D:2      | Killed Jessica
  1508 | D:2      | Reached skill level 5 in Long Blades
  1521 | D:2      | Found an ancient bone altar of Kikubaaqudgha.
  1541 | D:2      | XOM: divination: detect items
  1553 | D:2      | Noticed Robin
  1565 | D:2      | Killed Robin
  1585 | D:2      | Reached XP level 5. HP: 31/49 MP: 5/5
  1740 | D:2      | Noticed Terence
  1751 | D:2      | Killed Terence
  1756 | D:2      | XOM: harmless Hex miscast
  2011 | D:2      | XOM: colour smoke trail
  2015 | D:2      | Noticed a human
  2015 | D:2      | Killed a human
  2023 | D:2      | XOM: mild Divn miscast
  2514 | D:3      | XOM: butterfly on damage
  2516 | D:3      | Reached skill level 6 in Long Blades
  2661 | D:3      | Found a sparkling altar of Nemelex Xobeh.
  2674 | D:3      | XOM: noise
  2829 | D:3      | Found a glowing silver altar of Zin.
  2916 | D:3      | XOM: smoke on damage
  2918 | D:3      | HP: 12/49 [orc priest/divine providence (7)]
  2926 | D:2      | Reached XP level 6. HP: 10/56 MP: 6/6
  3237 | D:2      | XOM: noise
  3259 | D:3      | XOM: confusion (+ monsters)
  3287 | D:3      | Reached skill level 7 in Long Blades
  3373 | D:3      | XOM: colour smoke trail
  3490 | D:4      | Found an ancient bone altar of Kikubaaqudgha.
  3538 | D:4      | Noticed a hippogriff
  3555 | D:4      | Killed a hippogriff
  3555 | D:4      | Reached XP level 7. HP: 52/62 MP: 7/7
  3646 | D:4      | Found a white marble altar of Elyvilon.
  3685 | D:4      | Reached skill level 8 in Long Blades
  3711 | D:4      | XOM: chaos upgrade
  3717 | D:4      | XOM: confuse monster(s)
  3867 | D:4      | XOM: mild Ice miscast
  3882 | D:4      | XOM: divination: detect creatures
  3980 | D:4      | XOM: mild Conj miscast
  3997 | D:4      | XOM: 5-stop teleportation journey
  4008 | D:4      | XOM: chaos cloud
  4457 | D:4      | XOM: god gift: scroll labeled IDEDWUHAT
  4468 | D:4      | XOM: blink monster(s)
  4469 | D:4      | XOM: smoke on damage
  4631 | D:4      | XOM: summons 3 hostile shadow creatures
  4846 | D:4      | Found a radiant altar of Vehumet.
  4847 | D:4      | Found a sparkling altar of Nemelex Xobeh.
  4863 | D:4      | Reached skill level 9 in Long Blades
  4965 | D:5      | Entered Level 5 of the Dungeon
  5021 | D:5      | XOM: 3-stop teleportation journey
  5044 | D:5      | Reached XP level 8. HP: 69/69 MP: 8/8
  5169 | D:5      | Found a blossoming altar of Fedhas.
  5174 | D:5      | XOM: stat loss: -1 Str (13/14)
  5380 | D:5      | Found a stormy altar of Qazlal.
  5419 | D:5      | XOM: medium Necr miscast
  5473 | D:6      | Found a runed door.
  5478 | D:6      | XOM: 4-stop teleportation journey
  5479 | D:6      | Found a deep blue altar of Sif Muna.
  5488 | D:6      | XOM: 8-stop teleportation journey
  5497 | D:6      | HP: 17/69 [gnoll sergeant/spear (4)]
  5498 | D:6      | XOM: noise
  5499 | D:6      | HP: 7/69 [gnoll/spear (4)]
  5500 | D:6      | Gained mutation: You possess an exceptional clarity of mind. [potion of beneficial mutation]
  5502 | D:6      | Lost mutation: You possess an exceptional clarity of mind. [potion of cure mutation]
  5503 | D:6      | XOM: enchant monster (good)
  5508 | D:6      | XOM: blink monster(s)
  5521 | D:6      | XOM: summons friendly quasit
  5523 | D:6      | Reached skill level 1 in Shields
  5545 | D:6      | Reached skill level 2 in Shields
  5553 | D:6      | XOM: silly message
  5563 | D:6      | XOM: potion effect (brilliance)
  5574 | D:5      | Reached skill level 3 in Shields
  6101 | D:5      | XOM: harmless Trmt miscast
  6165 | D:5      | XOM: harmless Chrm miscast
  6185 | D:6      | XOM: noise
  6187 | D:6      | XOM: vitrification
  6232 | D:5      | XOM: vitrification
  6295 | D:5      | XOM: vitrification
  6326 | D:6      | XOM: confuse monster(s)
  6329 | D:6      | XOM: swap monsters
  6340 | D:6      | Reached skill level 10 in Long Blades
  6431 | D:6      | XOM: vitrification
  6451 | D:6      | XOM: divination: detect items
  6701 | D:6      | Reached XP level 9. HP: 60/75 MP: 9/9
  6822 | D:6      | Found a roughly hewn altar of Beogh.
  6978 | D:6      | XOM: give mutations
  6978 | D:6      | Gained mutation: Your spells are a little harder to cast, but a little more powerful. [Xom's grace]
  6978 | D:6      | Gained mutation: Your mind is acute. (Int +2) [Xom's grace]
  7220 | D:6      | Found a shadowy altar of Dithmenos.
  7288 | D:6      | XOM: give mutations
  7288 | D:6      | Gained mutation: You are somewhat resistant to further mutation. [Xom's grace]
  7288 | D:6      | Gained mutation: You are partially covered in rugged brown scales (AC +1, +3% HP). [Xom's grace]
  7288 | D:6      | Gained mutation: You are partially covered in icy blue scales (AC +1). [Xom's grace]
  7434 | D:7      | Reached skill level 11 in Long Blades
  7711 | D:7      | XOM: summons 9 friendly demons
  7722 | D:7      | Reached skill level 1 in Dodging
  7789 | D:7      | XOM: 1-stop teleportation journey
  7827 | D:7      | XOM: draining
  7838 | D:7      | Found a staircase to the Ecumenical Temple.
  7838 | D:7      | XOM: 6-stop teleportation journey
  7849 | D:7      | Reached skill level 2 in Dodging
  7982 | D:7      | XOM: give mutations
  7982 | D:7      | Lost mutation: Your spells are a little harder to cast, but a little more powerful. [Xom's mischief]
  7982 | D:7      | Lost mutation: Your mind is acute. (Int +2) [Xom's mischief]
  7982 | D:7      | Gained mutation: You are frail (-10% HP). [Xom's mischief]
  7987 | D:7      | XOM: chaos cloud
  7988 | D:7      | Paralysed by you for 2 turns
  8032 | D:7      | Reached skill level 3 in Dodging
  8070 | D:7      | XOM: smoke on damage
  8095 | D:7      | Identified a +0 rod of shadows (12/12) (You found it on level 7 of the Dungeon)
  8282 | D:7      | XOM: severe Trmt miscast
  8774 | D:7      | XOM: severe Ice miscast
  8934 | D:8      | Noticed a hill giant
  8934 | D:8      | XOM: noise
  8948 | D:8      | XOM: polymorph ogre -> spider
  9093 | D:8      | Got a scorched chain mail
  9105 | D:8      | Identified the cursed +1 chain mail of Satisfaction {Str+2} (You found it on level 8 of the Dungeon)
  9163 | D:8      | XOM: noise
  9178 | D:8      | Reached skill level 12 in Long Blades
  9285 | D:8      | XOM: give mutations
  9285 | D:8      | Gained mutation: You are dopey. (Int -2) [Xom's mischief]
  9285 | D:8      | Gained mutation: Your tail ends in a poisonous barb. [Xom's mischief]
  9285 | D:8      | Gained mutation: Your spells are a little harder to cast, but a little more powerful. [Xom's mischief]
  9384 | D:8      | Found a runed door.
  9407 | D:8      | Reached XP level 10. HP: 63/78 MP: 10/10
  9440 | D:8      | Found a runed door.
  9482 | D:8      | XOM: butterfly on damage
  9484 | D:8      | XOM: confuse monster(s)
  9485 | D:8      | XOM: summons friendly shadow imp
  9504 | D:8      | Reached skill level 13 in Long Blades
  9530 | D:8      | Identified the Guide on Necromancy
  9580 | D:8      | XOM: butterfly on damage
  9650 | D:8      | XOM: divination: detect items
  9793 | D:8      | XOM: divination: detect items
  9813 | D:8      | Reached skill level 2 in Armour
  9889 | D:8      | XOM: harmless Necr miscast
  9905 | D:8      | Killed a hill giant
  9994 | D:8      | Reached skill level 3 in Armour
 10024 | D:8      | XOM: 1-stop teleportation journey
 10058 | D:8      | XOM: polymorph water moccasin -> human
 10083 | D:8      | Found a shattered altar of Ashenzari.
 10456 | D:8      | Reached skill level 4 in Armour
 10470 | D:8      | XOM: polymorph worker ant -> porcupine
 10490 | D:8      | XOM: mild Erth miscast
 10582 | D:9      | Reached skill level 5 in Armour
 10664 | D:9      | Found a sacrificial altar of Ru.
 10708 | D:9      | XOM: colour smoke trail
 10734 | D:9      | XOM: enchant monster (bad)
 10860 | D:9      | XOM: chaos cloud
 10872 | D:9      | Reached skill level 4 in Dodging
 10897 | D:9      | Noticed Joseph
 10900 | D:10     | Entered Level 10 of the Dungeon
 11142 | D:10     | XOM: mild Erth miscast
 11271 | D:10     | XOM: 2-stop teleportation journey
 11297 | D:10     | Reached XP level 11. HP: 83/83 MP: 11/11
 11393 | D:10     | Found a staircase to the Orcish Mines.
 11434 | D:10     | Reached skill level 5 in Dodging
 11439 | D:10     | XOM: enchant monster (bad)
 11442 | D:10     | XOM: confuse monster(s)
 11537 | D:10     | XOM: chaos cloud
 12014 | D:11     | XOM: summons friendly iron imp
 12077 | D:11     | XOM: harmless Air miscast
 12108 | D:11     | Reached skill level 6 in Dodging
 12262 | D:11     | XOM: confusion
 12263 | D:11     | XOM: 1-stop teleportation journey
 12267 | D:11     | Found a deep blue altar of Sif Muna.
 12324 | D:11     | XOM: potion effect (curing)
 12390 | D:11     | Identified a scroll of acquirement
 12391 | D:11     | Got a faintly glowing naga barding
 12402 | D:11     | Identified the +0 naga barding "Kiuzeb" {rC+ MP+9 Dex+4} (You acquired it on level 11 of the Dungeon)
 12420 | D:11     | Found a staircase to the Lair.
 12489 | D:11     | XOM: silly message
 12588 | D:11     | XOM: silly message
 12903 | D:12     | Got a crude leather armour
 12971 | D:12     | XOM: confuse monster(s)
 12991 | D:12     | Reached skill level 7 in Dodging
 13135 | D:12     | XOM: mild Trmt miscast
 13172 | D:12     | XOM: mild Air miscast
 13215 | D:12     | Noticed a hill giant
 13215 | D:12     | XOM: enchant monster (bad)
 13223 | D:12     | Killed a hill giant
 13223 | D:12     | Reached skill level 8 in Dodging
 13449 | D:12     | Noticed Josephine
 13452 | D:12     | XOM: blink monster(s)
 13454 | D:12     | XOM: cast spell 'Confusing Touch'
 13613 | D:13     | Noticed a skeletal warrior
 13613 | D:13     | Noticed a hill giant
 13667 | D:13     | Noticed a ghoul
 13667 | D:13     | XOM: confuse monster(s)
 13669 | D:13     | XOM: summons 3 friendly demons
 13676 | D:13     | Noticed a ghoul
 13683 | D:13     | HP: 18/83 [ghoul (13)]
 13686 | D:13     | XOM: polymorph ufetubus -> shadow imp
 13686 | D:13     | Slain by a ghoul

Vault maps used:
D:1:      eino_arrival_cavern_b, minmay_lizard_king
D:2:      overflow_temple_1_default, tgw_kikubaaqudgha, uniq_robin,
          uniq_terence, uniq_jessica
D:3:      overflow_temple_1_default, nemelex_deck
D:4:      gammafunk_temple_overflow_wave, lemuel_round_altar, first_bread,
          elyvilon_altar_5
D:5:      kennysheep_mini, fedhas_altar_2, hangedman_abyss_or_decor_passed
D:6:      kennysheep_little_box, basic_altar, lightli_church_of_beogh
D:7:      temple_green, the_bakery
D:8:      lemuel_insect_pit, lemuel_round_altar, serial_bayou,
          serial_bayou_pond_e, serial_bayou_shore_b, serial_bayou_shore_b,
          serial_bayou_shore_b, serial_bayou_pond_c, serial_bayou_shore_b,
          grunt_potential
D:9:      nicolae_overflow_hidden_temple, yredelemnul_forgotten_temple_becter,
          uniq_joseph
D:10:     david_orc_1_choice, billiards_dpeg
D:11:     lair_0_dummy, basic_altar
D:12:     uniq_josephine
D:13:     hangedman_vaults_entry_quadrant_bands, serial_undead, serial_undead_b,
          serial_undead_a, serial_undead_b, serial_undead_c, serial_undead_c

Action                   |  1- 3 |  4- 6 |  7- 9 | 10-12 || total
-------------------------+-------+-------+-------+-------++-------
Melee: Falchion          |   149 |   173 |    85 |       ||   407
       Long sword        |       |       |   519 |   544 ||  1063
       Scimitar          |       |       |   145 |    16 ||   161
       Unarmed           |       |       |    30 |       ||    30
 Fire: Blowgun           |       |       |       |     3 ||     3
 Abil: Spit Poison       |       |    12 |    34 |    32 ||    78
Evoke: Deck              |       |       |     6 |       ||     6
       Rod               |       |       |     2 |     2 ||     4
       Wand              |       |       |       |     1 ||     1
  Use: Scroll            |     4 |     4 |    13 |    12 ||    33
       Potion            |       |     1 |    14 |       ||    15
 Stab: Petrifying        |       |     1 |       |       ||     1
       Invisible         |       |       |    16 |       ||    16
       Confused          |       |       |     2 |       ||     2
  Eat: Chunk             |       |     3 |    20 |    17 ||    40
       Bread ration      |       |     1 |       |       ||     1
       Fruit             |       |       |     1 |       ||     1
       Beef jerky        |       |       |     1 |       ||     1
       Pizza             |       |       |       |     1 ||     1

Vault maps used:
D:1:      eino_arrival_cavern_b, minmay_lizard_king
D:2:      overflow_temple_1_default, tgw_kikubaaqudgha, uniq_robin,
          uniq_terence, uniq_jessica
D:3:      overflow_temple_1_default, nemelex_deck
D:4:      gammafunk_temple_overflow_wave, lemuel_round_altar, first_bread,
          elyvilon_altar_5
D:5:      kennysheep_mini, fedhas_altar_2, hangedman_abyss_or_decor_passed
D:6:      kennysheep_little_box, basic_altar, lightli_church_of_beogh
D:7:      temple_green, the_bakery
D:8:      lemuel_insect_pit, lemuel_round_altar, serial_bayou,
          serial_bayou_pond_e, serial_bayou_shore_b, serial_bayou_shore_b,
          serial_bayou_shore_b, serial_bayou_pond_c, serial_bayou_shore_b,
          grunt_potential
D:9:      nicolae_overflow_hidden_temple, yredelemnul_forgotten_temple_becter,
          uniq_joseph
D:10:     david_orc_1_choice, billiards_dpeg
D:11:     lair_0_dummy, basic_altar
D:12:     uniq_josephine
D:13:     hangedman_vaults_entry_quadrant_bands, serial_undead, serial_undead_b,
          serial_undead_a, serial_undead_b, serial_undead_c, serial_undead_c

Table legend:
 A = Turns spent in this place as a percentage of turns spent in the entire game.
 B = Non-inter-level travel turns spent in this place as a percentage of non-inter-level travel turns spent in the entire game.
 C = Inter-level travel turns spent in this place as a percentage of turns spent in this place.
 D = Turns resting spent in this place as a percentage of non-inter-level travel turns spent in this place.
 E = Turns spent auto-exploring this place as a percentage of non-inter-level travel turns spent in this place.
 F = Non-inter-level travel turns spent in this place divided by the number of levels of this place that you've seen.
                   A       B       C       D       E      F
               +-------+-------+-------+-------+-------+----------------------
         Total | 100.0 | 100.0 |   0.4 |   1.4 |   7.9 | 443.6
       Dungeon | 100.0 | 100.0 |   0.4 |   1.4 |   7.9 | 443.6
               +-------+-------+-------+-------+-------+----------------------

Table legend:
 A = Kills in this place as a percentage of kills in entire the game.
 B = Kills by you in this place as a percentage of kills by you in the entire game.
 C = Kills by friends in this place as a percentage of kills by friends in the entire game.
 D = Other kills in this place as a percentage of other kills in the entire game.
 E = Experience gained in this place as a percentage of experience gained in the entire game.
 F = Experience gained in this place divided by the number of levels of this place that you have seen.
                   A       B       C       D       E      F
               +-------+-------+-------+-------+-------+----------------------
         Total | 100.0 | 100.0 | 100.0 | 100.0 | 100.0 | 1140.0
       Dungeon | 100.0 | 100.0 | 100.0 | 100.0 | 100.0 | 1140.0
               +-------+-------+-------+-------+-------+----------------------
